 Dungeon Crawl Stone Soup version 0.30-b1-2-g02819fbbbe (webtiles) character file.

Game seed: 3097667316182599376

121 psychodelta the Chopper (level 4, -3/40 HPs)
             Began as a Minotaur Fighter on May 15, 2023.
             Was a Follower of Uskayaw.
             Slain by an ogre
             ... wielding a +0 giant club
              (15 damage)
             ... on level 4 of the Dungeon.
             The game lasted 00:01:50 (2194 turns).

psychodelta the Chopper (Minotaur Fighter)          Turns: 2194, Time: 00:01:50

Health: -3/40      AC:  7    Str: 22    XL:     4   Next: 77%
Magic:  3/3        EV:  9    Int:  5    God:    Uskayaw [*.....]
Gold:   104        SH:  4    Dex: 10    Spells: 3/3 levels left

rFire   . . .        a - +0 war axe
rCold   . . .        c - +0 buckler
rNeg    . . .        b - +0 scale mail
rPois   .            (helmet restricted)
rElec   .            (no cloak)
rCorr   .            (no gloves)
SInv    .            (no boots)
Will    .....        (no amulet) Stlth
                     (no ring)
HPRegen 0.26/turn    (no ring)
MPRegen 0.08/turn

%: no passive effects
@: no status effects
A: horns 2, retaliatory headbutt
a: Renounce Religion, Stomp


You were on level 4 of the Dungeon.
You worshipped Uskayaw.
Uskayaw was noncommittal.
You visited 1 branch of the dungeon, and saw 4 of its levels.

You collected 104 gold pieces.

Inventory:

Hand Weapons
 a - a +0 war axe (weapon)
Armour
 b - a +0 scale mail (worn)
 c - a +0 buckler (worn)
Jewellery
 k - an amulet of regeneration
 m - a ring of wizardry
 o - a ring of magical power
Scrolls
 f - 2 scrolls of teleportation {unknown}
 g - 3 scrolls of identify {unknown}
 h - a scroll of immolation {unknown}
 i - a scroll of noise {unknown}
 j - a scroll of vulnerability {unknown}
Potions
 d - a potion of might
 e - 4 potions of heal wounds {unknown}
 l - a potion of invisibility {unknown}
 n - a potion of attraction {unknown}
 p - 2 potions of curing {unknown}
 q - a potion of lignification {unknown}
 r - a potion of resistance {unknown}
 s - a potion of degeneration {unknown}


   Skills:
 + Level 4.1 Fighting
 + Level 4.5 Axes
 + Level 4.3 Armour
 + Level 1.2 Dodging
 + Level 0.1 Stealth
 + Level 4.1 Shields


You had 3 spell levels left.
You didn't know any spells.
Your spell library contained the following spells:

 Spells                   Type           Power      Damage    Failure   Level
 Beastly Appendage        Tmut           0%         N/A       86%         1
 Ensorcelled Hibernation  Hex/Ice        0%         N/A       94%         2
 Passwall                 Tmut/Erth      0%         N/A       94%         2
 Wereblood                Tmut           0%         N/A       94%         2
 Dazzling Flash           Conj/Hex       0%         N/A       99%         3
 Spider Form              Tmut/Pois      0%         N/A       99%         3
 Swiftness                Air            0%         N/A       99%         3
 Volatile Blastmotes      Fire/Tloc      0%         2d10      99%         3
 Animate Armour           Summ/Erth      0%         N/A       100%        4
 Iskenderun's Mystic Bla  Conj/Tloc      0%         2d3       100%        4
 Blade Hands              Tmut           0%         N/A       100%        5
 Iron Shot                Conj/Erth      0%         9d1       100%        6
 Starburst                Conj/Fire      0%         6d3       100%        6


Dungeon Overview and Level Annotations

Branches:
Dungeon (4/15)
 Temple: D:4-7

Altars:
Hepliaklqana
Kikubaaqudgha
Uskayaw
Xom
Zin


Innate Abilities, Weirdness & Mutations

You have a pair of horns on your head.
You reflexively headbutt those who attack you in melee.


Message History

No target in view!
No target in view!
HP restored.
You see here an iguana corpse.
You see here a jackal corpse.
g - 3 scrolls labelled SISYLO WIDAC (gained 1)
An ogre comes into view. It is wielding a +0 giant club.
The ogre shouts!
An ogre is nearby!
An ogre is nearby!
An iguana comes into view.
The ogre hits you with a +0 giant club!!
Ouch! That really hurt!
* * * LOW HITPOINT WARNING * * *
You are too injured to fight recklessly!
You are too injured to fight recklessly!
You are too injured to fight recklessly!
You are too injured to fight recklessly!
You are too injured to fight recklessly!
You are too injured to fight recklessly!
You are too injured to fight recklessly!
You are too injured to fight recklessly!
You are too injured to fight recklessly!
You are too injured to fight recklessly!
You are too injured to fight recklessly!
You are too injured to fight recklessly!
You are too injured to fight recklessly!
You are too injured to fight recklessly!
You are too injured to fight recklessly!
You are too injured to fight recklessly!
You are too injured to fight recklessly!
You are too injured to fight recklessly!
You are too injured to fight recklessly!
You are too injured to fight recklessly!
You are too injured to fight recklessly!
You are too injured to fight recklessly!
You are too injured to fight recklessly!
You are too injured to fight recklessly!
You hit the ogre but do no damage. The ogre hits you with a +0 giant club!
You die...

.. ........... ...
.......... .....
.......... .....#
#.....l...
......###.......# #.?.
...#.......#
#....##.#.......# #
#.........@O.###### .##
#.....#.#.###...>.#...^
#.... #...##.<†........
#....###..#...†........
.............††........
###########............
#............
#............
#............


You could see an ogre and an iguana.

Vanquished Creatures
  An iguana (D:4)
  A gnoll (D:1)
  3 adders (D:2)
  A worm (D:2)
  2 dart slugs
  5 endoplasms
  A giant cockroach (D:1)
  6 hobgoblins
  4 jackals
  2 quokkas
  8 ball pythons
  A bat (D:1)
  3 frilled lizards
  6 goblins
  6 kobolds
  3 rats (D:1)
53 creatures vanquished.

Vanquished Creatures (others)
  A fungus (D:1)
1 creature vanquished.

Grand Total: 54 creatures vanquished

Notes
Turn   | Place    | Note
-------+----------+-------------------------------------------
     0 | D:1      | psychodelta the Minotaur Fighter began the quest for the
                  | Orb.
     0 | D:1      | Reached XP level 1. HP: 19/19 MP: 0/0
    28 | D:1      | Reached XP level 2. HP: 27/27 MP: 1/1
   338 | D:1      | Found a faded altar of an unknown god.
   357 | D:1      | Prayed at the altar of an unknown god.
   357 | D:1      | Became a worshipper of Uskayaw the Reveller
   357 | D:1      | Reached * piety under Uskayaw
   460 | D:1      | Reached XP level 3. HP: 31/33 MP: 2/2
   909 | D:2      | Found a shimmering altar of Xom.
  1184 | D:2      | Reached ** piety under Uskayaw
  1186 | D:2      | Reached *** piety under Uskayaw
  1222 | D:2      | Reached XP level 4. HP: 40/40 MP: 3/3
  1833 | D:3      | Found an ancient bone altar of Kikubaaqudgha.
  1850 | D:3      | Found a hide-covered altar of Uskayaw.
  1861 | D:3      | Found a glowing silver altar of Zin.
  1871 | D:3      | Found a hazy altar of Hepliaklqana.
  1965 | D:3      | Reached skill level 1 in Dodging
  2190 | D:4      | Noticed an ogre
  2194 | D:4      | Slain by an ogre

Illustrated notes

Levels and vault maps discovered:
D:1:      amcnicky_arrival_gap_in_the_tavern_cellar, layout_basic,
          shapermc_ecumenical_altar_acropolis, hangedman_glass_teeth,
          dk_noncrumbling_3, minmay_domino_4
D:2:      minmay_alternating_diamond, layout_basic, basic_altar, feat_on_display
D:3:      layout_rooms, nicolae_overflow_quartered_altars
D:4:      layout_rooms, st_stairs_9, hangedman_decor_push, uniq_pikel

Skill      XL: |  1  2  3  4 |
---------------+-------------+-----
Axes           | 3 4 |  4.5
Armour         | 4 |  4.3
Shields        | 4 |  4.1
Fighting       | 4 |  4.1
Dodging        | 1 |  1.2
Stealth        | |  0.1

Action                     |  1- 3 |  4- 6 || total
---------------------------+-------+-------++-------
  Melee: War axe           |    66 |    35 ||   101
         Headbutt          |     9 |     8 ||    17
   Stab: Paralysed         |     1 |       ||     1
 Armour: Scale mail        |    37 |    15 ||    52
  Dodge: Dodged            |    35 |    16 ||    51
  Block: Buckler           |    22 |    11 ||    33
